 Dungeon Crawl Stone Soup version 0.29.0-13-gc9e81de378 (webtiles) character file.

Game seed: 15593452804428393076

161 purpskrrrp the Covered (level 5, 0/33 HPs)
             Began as a Gargoyle Fighter on Sept 7, 2022.
             Was an Elder of Jiyva.
             Slain by Menkaure (12 damage)
             ... on level 4 of the Dungeon.
             The game lasted 00:03:50 (1837 turns).

purpskrrrp the Covered (Gargoyle Fighter)           Turns: 1837, Time: 00:03:51

Health: 0/33       AC: 11    Str: 19    XL:     5   Next: 42%
Magic:  5/5        EV:  9    Int:  7    God:    Jiyva [****..]
Gold:   38         SH:  0    Dex: 17    Spells: 4/4 levels left

rFire   . . .      SeeInvis .   a - +0 war axe
rCold   . . .      Faith    .   h - orb {mayhem}
rNeg    + . .      Spirit   .   b - +0 scale mail
rPois   ∞          Reflect  .   (no helmet)
rElec   +          Harm     .   (no cloak)
rCorr   +          Rampage  .   (no gloves)
Will    .....                   (no boots)
Stlth   ..........              i - amulet of regeneration
HPRegen 2.19/turn               (no ring)
MPRegen 0.49/turn               (no ring)

@: mighty
A: sickness immunity, AC +4, negative energy resistance 1, electricity
resistance, torment resistance 1, petrification resistance, agile 2, jelly
sensing items, engulf
a: Renounce Religion, Oozemancy, Slimify


You were on level 4 of the Dungeon.
You worshipped Jiyva.
Jiyva was greatly pleased with you.
You visited 1 branch of the dungeon, and saw 4 of its levels.

You collected 38 gold pieces.

Inventory:

Hand Weapons
 a - a +0 war axe (weapon)
Armour
 b - a +0 scale mail (worn)
 c - a +0 buckler
 h - an orb of mayhem (worn)
Jewellery
 i - an amulet of regeneration (around neck)
Wands
 k - a wand of flame (12)
Scrolls
 f - 2 scrolls of identify {unknown}
 g - a scroll of vulnerability {unknown}
 j - a scroll of fog {unknown}
 l - 2 scrolls of teleportation {unknown}
Potions
 e - a potion of haste {unknown}
 m - a potion of curing {unknown}


   Skills:
 + Level 4.1 Fighting
 * Level 3.4 Axes
 + Level 4.1 Armour
 + Level 4.1 Shields


You had 4 spell levels left.
You didn't know any spells.
Your spell library contained the following spells:

 Spells                   Type           Power      Damage    Failure   Level
 Blink                    Tloc           0%         N/A       90%         2
 Static Discharge         Conj/Air       0%         3-3/arc   90%         2
 Freezing Cloud           Conj/Ice/Air   0%         6-21      100%        5
 Manifold Assault         Tloc           0%         N/A       100%        5
 Storm Form               Tmut/Air       0%         N/A       100%        7


Dungeon Overview and Level Annotations

Branches:
Dungeon (4/15)
 Temple: D:4-7

Altars:
Cheibriados
Fedhas
Xom
Jiyva

Annotations:
D:4 Menkaure


Innate Abilities, Weirdness & Mutations

You are immune to sickness and miasma.
Your stone body is resilient. (AC +4)
You are immune to poison.
You resist negative energy. (rN+)
You are resistant to electric shocks. (rElec)
You are resistant to unholy torment.
You are immune to petrification.
You are very agile. (Dex +8, Str/Int -2)
You have a small jelly attached to you that senses nearby items.
Your melee attacks may engulf your foes in ooze.


Message History

You hear a slurping noise.
Something hits the endoplasm.
Something hits the endoplasm but does no damage.
Found 4 poisoned darts.
A goblin comes into view. It is wielding a +0 club.
Menkaure, Prince of Dust comes into view.
The goblin shouts!
You slash the goblin!
You kill the goblin!
Menkaure flies into a frenzy!
You hear an angry hiss.
You hear a shout!
You hit Menkaure but do no damage. Menkaure hits you!
Menkaure closely misses you.
You hit Menkaure.
You engulf Menkaure in ooze!
Menkaure is lightly damaged.
Menkaure closely misses you.
A kobold comes into view. It is wielding a +0 dagger.
You slash Menkaure!
Menkaure is heavily damaged.
An adder comes into view.
Menkaure hits you!!
Ouch! That really hurt!
* * * LOW HITPOINT WARNING * * *
Menkaure barely misses you.
Okay, then.
Okay, then.
You feel very mighty all of a sudden.
Menkaure misses the adder.
You barely miss Menkaure.
Menkaure is heavily damaged.
The endoplasm is no longer moving quickly.
The endoplasm no longer looks unusually strong.
The endoplasm is no longer in an insane frenzy.
Menkaure closely misses you. The adder bites you but does no damage.
The endoplasm hits Menkaure.
Menkaure hits the adder!
The adder dies!
You closely miss Menkaure.
Menkaure is heavily damaged.
Menkaure hits you!
You die...

#. # .##.#.JJ..... ##
###.###..##.#........
........##..##.#........
#.##...#...#...###.....
#.....................#
#........###...######.#
#...K.J...###.## .#
#.M..#.....# #
#.)@...##### #..##.##
...#. #.# ### .. (.. ∆
#.###.## #. #.# #. #.#
#. #.#


You could see a kobold, the neutral Menkaure (fast, strong, insane, engulfed)
and a neutral endoplasm (wandering, slow) (fellow slime).

Vanquished Creatures
  An orc priest (D:4)
  3 orc wizards
  An adder (D:2)
  3 dart slugs
  2 orcs (D:3)
  An endoplasm (D:1)
  6 hobgoblins
  3 kobolds
  A quokka (D:1)
  2 ball pythons (D:1)
  2 frilled lizards
  3 goblins
  4 rats
32 creatures vanquished.

Vanquished Creatures (collateral kills)
  An adder (D:4)
  An endoplasm (D:4)
2 creatures vanquished.

Vanquished Creatures (others)
  2 orcs (D:3)
  2 goblins
  2 frilled lizards (D:3)
  2 rats (D:1)
8 creatures vanquished.

Grand Total: 42 creatures vanquished

Notes
Turn   | Place    | Note
-------+----------+-------------------------------------------
     0 | D:1      | purpskrrrp the Gargoyle Fighter began the quest for the
                  | Orb.
     0 | D:1      | Reached XP level 1. HP: 14/14 MP: 1/1
    62 | D:1      | Found a faded altar of an unknown god.
    81 | D:1      | Prayed at the altar of an unknown god.
    81 | D:1      | Became a worshipper of Jiyva Jaehul the Shapeless
    81 | D:1      | Reached * piety under Jiyva
   140 | D:1      | Reached XP level 2. HP: 19/19 MP: 2/2
   364 | D:1      | Reached ** piety under Jiyva
   708 | D:2      | Reached XP level 3. HP: 23/23 MP: 3/3
  1040 | D:3      | Found a blossoming altar of Fedhas.
  1051 | D:3      | Reached *** piety under Jiyva
  1114 | D:3      | Found a shimmering altar of Xom.
  1213 | D:3      | Reached XP level 4. HP: 27/29 MP: 4/4
  1554 | D:3      | Gained mutation: You have a small jelly attached to you
                  | that senses nearby items. [Jiyva's grace]
  1554 | D:3      | Gained mutation: You are agile. (Dex +4, Str/Int -1)
                  | [Jiyva's grace]
  1554 | D:3      | Gained mutation: You are very agile. (Dex +8, Str/Int -2)
                  | [Jiyva's grace]
  1554 | D:3      | Gained mutation: Your melee attacks may engulf your foes in
                  | ooze. [Jiyva's grace]
  1637 | D:3      | Got the Almanac of Conduction
  1758 | D:3      | Found a snail-covered altar of Cheibriados.
  1798 | D:4      | Reached **** piety under Jiyva
  1810 | D:4      | Reached XP level 5. HP: 24/33 MP: 5/5
  1828 | D:4      | Noticed Menkaure
  1837 | D:4      | Slain by Menkaure

Illustrated notes

Levels and vault maps discovered:
D:1:      dpeg_arrival_prison, layout_rooms, chequers_ecumenical_altar_simple
D:2:      wander_river, layout_loops_ring, hangedman_glass_teeth
D:3:      layout_basic, mainiacjoe_overflow_alcove_4,
          mainiacjoe_overflow_24_doors, xom_teletrap_fun, minmay_misc_feat_rows,
          corexii_item_surrounded_by_moat
D:4:      layout_loops_ring, lemuel_tele_altar, kiku_gazebo_garden_becter,
          uniq_menkaure, uniq_eustachio

Skill      XL: |  1  2  3  4 |
---------------+-------------+-----
Axes           | 2 3 |  3.4
Fighting       | 4 |  4.1
Armour         | 4 |  4.1
Shields        | 4 |  4.1

Action                   |  1- 3 |  4- 6 || total
-------------------------+-------+-------++-------
Melee: War axe           |    73 |    31 ||   104
  Use: Potion            |       |     1 ||     1
Armor: Scale mail        |    55 |    17 ||    72
Dodge: Dodged            |    46 |    14 ||    60
Block: Buckler           |     4 |       ||     4
